cohdb
Replays
Latest Replays
All Replays
Popular Replays
Top Player Replays
Match Explorer
How It Works
Community
CoH3 Stats
Reddit
Sign in to upload your games and track your stats! →
Sign in with Steam
Match 43393250
Unlisted
Match 43393250
Overview
Messages
Build Orders
End
Vickers Machine Gun Team
Construct Section Command Post
Infantry Section
Royal Engineer Section
Infantry Section
Construct Platoon Command Post
Selects Air and Sea Battlegroup
Selects Supply Surplus
Humber Armored Car
Unlock Bishop Self-propelled Artillery
Grenade Package
Selects Commando Section Paradrop
Selects M1 Pack Howitzer Paradrop
Commando Section Paradrop
Light Vehicle Training
CMP 15cwt Truck
6-pounder Anti-tank Gun Team
Bishop Self-propelled Artillery
Commando Section Paradrop
Skibana
Tok3n x Operator
TechT0nic
Gayby
Doj
LOST
0
0
Comments
sign in to comment!
No comments posted yet!